 Dungeon Crawl Stone Soup version 0.23.0-3-gf3c87f2 (webtiles) character file.

Game seed: 1156185769953142713

421 zishaf the Poker (level 6, -18/48 HPs)
             Began as a Merfolk Gladiator on Feb 20, 2019.
             Demolished by an ogre
             ... wielding a +0 giant club
              (19 damage)
             ... on level 4 of the Dungeon.
             The game lasted 00:06:17 (3720 turns).

zishaf the Poker (Merfolk Gladiator)                Turns: 3720, Time: 00:06:18

Health: -18/48     AC:  6    Str: 16    XL:     6   Next: 94%
Magic:  6/6        EV: 15    Int:  7    God:
Gold:   217        SH:  3    Dex: 16    Spells: 5/5 levels left

rFire    . . .     SeeInvis .   a - +0 trident
rCold    . . .     Gourm    .   n - -2 buckler
rNeg     . . .     Faith    .   j - +0 leather armour
rPois    .         Spirit   .   c - +1 helmet
rElec    .         Reflect  .   q - +0 cloak
rCorr    .         Harm     .   (no gloves)
MR       .....                  (no boots)
Stlth    +.........             (no amulet)
HPRegen  0.16/turn              (no ring)
MPRegen  0.10/turn              (no ring)

@: no status effects
A: change form in water, swift swim, stealthy swim
a: no special abilities


You were on level 4 of the Dungeon.
You were hungry.

You visited 1 branch of the dungeon, and saw 4 of its levels.

You collected 217 gold pieces.

Inventory:

Hand Weapons
 a - a +0 trident (weapon)
 b - a +0 hunting sling
Missiles
 d - 4 throwing nets (quivered) {!f}
 i - 31 poisoned needles
 k - 14 stones
 o - 2 tomahawks
Armour
 c - a +1 helmet (worn)
 j - a +0 leather armour (worn)
 n - a -2 buckler (worn)
 q - a +0 cloak (worn)
 y - a +0 chain mail
 z - a +0 plate armour
Wands
 v - a wand of iceblast (5)
Scrolls
 g - 2 scrolls of teleportation
 h - a scroll of identify
 l - a scroll of magic mapping
 m - a scroll of remove curse
 p - a scroll of blinking {unknown}
 s - a scroll of immolation {unknown}
 t - a scroll of enchant armour
 x - a scroll of fear {unknown}
 B - a scroll of random uselessness {unknown}
Potions
 f - 3 potions of curing
 r - a potion of heal wounds
 w - a potion of invisibility
 A - a potion of haste
Comestibles
 e - 6 rations


   Skills:
 + Level 4.0 Fighting
 + Level 6.2 Polearms
 - Level 2.0 Throwing
 + Level 1.1 Armour
 + Level 5.7 Dodging
 * Level 3.6 Shields


You had 5 spell levels left.
You didn't know any spells.
Your spell library was empty.

Dungeon Overview and Level Annotations

Branches:
Dungeon (4/15)
 Temple: D:4-7

Altars:
Xom


Message History

The ogre is heavily wounded.
You hit the ogre.
The ogre is heavily wounded.
The ogre hits you with a +0 giant club!
You hit the ogre but do no damage.
The ogre is heavily wounded.
The ogre barely misses you.
You hit the ogre.
The ogre is heavily wounded.
The ogre hits you with a +0 giant club!
You hit the ogre but do no damage.
The ogre is heavily wounded.
You hit the ogre.
The ogre is heavily wounded.
The ogre hits you with a +0 giant club!!
* * * LOW HITPOINT WARNING * * *
You barely miss the ogre.
The ogre is heavily wounded.
The ogre hits you with a +0 giant club!!
You die...

####.#.............
#.............##..#
##....#........)#...
##...................
#..##.....>..........
##....<.............#
#..............)))..
******###.#............)..
*,*..####@................
***,#......O................
**,,,........................
****,,,,.....##.....#.........##
**,,*,,,,......#..<(##.........##
*,,,,,,,,........................
,,,**,,,,>....................#..
,,,,*,,,,...##......(((...)...#..
*,,,,,,,,,,,.........#...........


You could see an ogre.

Vanquished Creatures
  A phantom (D:4)
  An ogre (D:4)
  A hound (D:4)
  An orc wizard (D:4)
  A worker ant (D:4)
  8 gnolls
  2 adders (D:3)
  An adder skeleton (D:4)
  A worm (D:3)
  2 dart slugs (D:1)
  8 orcs
  2 giant cockroaches
  5 goblins
  9 hobgoblins
  7 kobolds
  A ball python (D:4)
  5 bats
  A frilled lizard (D:4)
  8 rats
65 creatures vanquished.

Notes
Turn   | Place    | Note
-------+----------+-------------------------------------------
     0 | D:1      | zishaf the Merfolk Gladiator began the quest for the Orb.
     0 | D:1      | Reached XP level 1. HP: 16/16 MP: 1/1
   164 | D:1      | Reached XP level 2. HP: 23/23 MP: 2/2
   498 | D:1      | Reached XP level 3. HP: 19/28 MP: 3/3
   644 | D:1      | Reached skill level 5 in Polearms
  1081 | D:2      | Reached skill level 1 in Shields
  1117 | D:2      | Reached XP level 4. HP: 5/35 MP: 4/4
  1983 | D:3      | Reached skill level 5 in Dodging
  2224 | D:3      | Reached XP level 5. HP: 41/41 MP: 5/5
  2338 | D:3      | Found a shimmering altar of Xom.
  3058 | D:4      | Noticed a phantom
  3058 | D:4      | Noticed an ogre
  3163 | D:4      | Killed a phantom
  3163 | D:4      | Reached XP level 6. HP: 39/48 MP: 6/6
  3238 | D:4      | Reached skill level 6 in Polearms
  3286 | D:4      | Reached skill level 1 in Armour
  3719 | D:4      | HP: 1/48 [ogre/+0 giant club (21)]
  3720 | D:4      | Demolished by an ogre

Skill      XL: |  1  2  3  4  5  6 |
---------------+-------------------+-----
Polearms       | 5 6 |  6.2
Shields        | 1 2 3 |  3.6
Fighting       | 3 4 |  4.0
Dodging        | 5 |  5.7
Armour         | 1 |  1.1
Throwing       | |  2.0

Action                   |  1- 3 |  4- 6 || total
-------------------------+-------+-------++-------
Melee: Trident           |    90 |   170 ||   260
 Fire: Hunting sling     |    10 |    26 ||    36
Throw: Throwing net      |       |     1 ||     1
  Use: Scroll            |       |     7 ||     7
 Stab: Sleeping          |     1 |       ||     1
  Eat: Chunk             |     1 |     4 ||     5
       Ration            |       |     1 ||     1
Armor: Leather armour    |    12 |    21 ||    33
Dodge: Dodged            |    42 |   103 ||   145
Block: Buckler           |     1 |    14 ||    15
